 Dungeon Sprint DCSS version 0.17.1-1-g73c8601 (webtiles) character file.

868 hexophile the Severer (level 7, -18/105 HPs)
             Began as a Minotaur Berserker on Dec 25, 2015.
             Was an Elder of Trog.
             Demolished by a boulder beetle (37 damage)
             ... in the Dungeon (Sprint II: "The Violet Keep of Menkaure").
             The game lasted 00:03:18 (642 turns).

hexophile the Severer (Minotaur Berserker)           Turns: 642, Time: 00:03:18

Health: -18/105    AC: 11    Str: 26    XL:     7   Next: 73%
Magic:  15/15      EV:  7    Int:  4    God:    Trog [****..]
Gold:   160        SH:  0    Dex: 12    Spells: 0 memorised, 6 levels left

rFire  . . .     SeeInvis .     a - +0 hand axe
rCold  . . .     Clarity  .     j - +0 plate armour "Woidem Fefa" {rN++ MR+ MP+9 Slay-5} (curse)
rNeg   + + .     SustAt   .     (no shield)
rPois  .         Gourm    .     (helmet restricted)
rElec  .         Spirit   .     (no cloak)
rCorr  .         Warding  .     (no gloves)
rMut   .         NoTele   +     (no boots)
MR     +++..                    (no amulet)
Stlth  ..........               (no ring)
                                (no ring)

@: berserking (expiring), regenerating, very quick, extremely resistant to
hostile enchantments, extremely unstealthy
A: retaliatory headbutt, horns 2
a: Berserk, Trog's Hand, Brothers in Arms, Burn Spellbooks, Renounce Religion


You were in the Dungeon.
You worshipped Trog.
Trog was greatly pleased with you.
You were not hungry.

You visited 1 branch You collected 972 gold pieces.
You spent 812 gold pieces at shops.


Innate Abilities, Weirdness & Mutations

You reflexively headbutt those who attack you in melee.
You have a pair of horns on your head.

Inventory:

Hand Weapons
 a - a +0 hand axe (weapon)
Armour
 b - a +0 animal skin
 j - the cursed +0 plate armour "Woidem Fefa" (worn) {rN++ MR+ MP+9 Slay-5}
   (You bought it in a shop in the Dungeon)

   It affects your accuracy and damage with ranged weapons and melee attacks
   (-5).
   It greatly protects you from negative energy.
   It affects your resistance to hostile enchantments.
   It affects your magic capacity (+9).
   It has a curse placed upon it.
Scrolls
 i - a scroll of blinking
 m - a scroll of immolation
Potions
 d - a potion of curing
 e - a potion of heal wounds
 f - a potion of haste
 g - 2 potions of magic
 h - a potion of berserk rage
Comestibles
 c - 5 chunks of flesh


You had 6 spell levels left.
You didn't know any spells.


   Skills:
 * Level 9.0 Fighting
 - Level 17.4 Axes
 - Level 2.4 Armour
 - Level 2.1 Dodging

Dungeon Overview and Level Annotations

Branches:
Dungeon (1/1)

Altars:
Fedhas
Lugonu

Shops:
D :[*?}:%[=!!(*=}!

Annotations:
D exclusion: oklob plant

Vault maps used:
D:        the_violet_keep_of_menkaure
You       could see a boulder beetle, 3 shining eyes, an oklob plant and a polar
          bear.


Message History

You hit the boulder beetle but do no damage.
You headbutt the boulder beetle, but do no damage.
The boulder beetle is moderately wounded.
You slash the boulder beetle! You headbutt the boulder beetle.
The boulder beetle is heavily wounded.
You hit the boulder beetle but do no damage.
You headbutt the boulder beetle, but do no damage.
The boulder beetle is heavily wounded.
Your plate armour "Woidem Fefa" prevents you from hitting the boulder beetle.
You headbutt the boulder beetle, but do no damage.
The boulder beetle is heavily wounded.
The boulder beetle bites you.
* * * LOW HITPOINT WARNING * * *
You lost 5 HP.
You have now: 11/93 HP.
You slash the boulder beetle!
The boulder beetle is heavily wounded.
You hit the boulder beetle.
The boulder beetle is heavily wounded.
Unknown command.
You hit the boulder beetle but do no damage.
The boulder beetle is heavily wounded.
You slash the boulder beetle! You headbutt the boulder beetle.
The boulder beetle is almost dead.
The boulder beetle closely misses you. You furiously retaliate!
You headbutt the boulder beetle, but do no damage.
You slash the boulder beetle!
The boulder beetle is almost dead.
You hit the boulder beetle.
The boulder beetle is almost dead.
You slash the boulder beetle!
You feel the power of Trog in you as your rage grows.
You kill the boulder beetle!
Trog accepts your kill.
You can now call in reinforcements.
Your Fighting skill gained 4 levels and is now at level 9!
You got additional 12 HP.
There is an open door, spattered with blood here.
You see here a boulder beetle corpse.
You hit the boulder beetle but do no damage.
You headbutt the boulder beetle, but do no damage.
The boulder beetle completely misses you.
Unknown command.
You hit the boulder beetle but do no damage.
You headbutt the boulder beetle, but do no damage.
You hit the boulder beetle but do no damage.
You feel the effects of Trog's Hand fading.
You hit the boulder beetle but do no damage.
You hit the boulder beetle but do no damage.
You hit the boulder beetle but do no damage.
The boulder beetle bites you!!!
You die...

Action                   |  1- 3 |  4- 6 |  7- 9 || total
-------------------------+-------+-------+-------++-------
Melee: Hand axe          |    10 |    21 |    37 ||    68
Invok: Berserk           |     2 |       |     2 ||     4
       Trog's Hand       |     1 |     1 |     2 ||     4
  Use: Scroll            |       |       |     3 ||     3
  Eat: Bread ration      |       |       |     1 ||     1

Notes
Turn   | Place    | Note
--------------------------------------------------------------
     0 | D        | hexophile the Minotaur Berserker began the quest for the Orb.
     0 | D        | Reached XP level 1. HP: 19/19 MP: 0/0
     1 | D        | Noticed a boulder beetle
     1 | D        | Noticed a boulder beetle
    11 | D        | Reached skill level 5 in Axes
    14 | D        | Reached ** piety under Trog
    64 | D        | Killed Menkaure
   124 | D        | Noticed a hippogriff
   124 | D        | Noticed a hippogriff
   129 | D        | Killed a hippogriff
   129 | D        | Reached skill level 11 in Axes
   129 | D        | Reached XP level 2. HP: 26/26 MP: 1/1
   129 | D        | Reached XP level 3. HP: 31/31 MP: 2/2
   129 | D        | Reached XP level 4. HP: 39/39 MP: 3/3
   136 | D        | Killed a hippogriff
   136 | D        | Reached skill level 14 in Axes
   136 | D        | Reached XP level 5. HP: 26/45 MP: 4/4
   177 | D        | Noticed a brain worm
   177 | D        | Noticed a brain worm
   177 | D        | Noticed a brain worm
   177 | D        | Noticed a brain worm
   185 | D        | Killed a brain worm
   185 | D        | Reached skill level 15 in Axes
   185 | D        | Reached XP level 6. HP: 35/51 MP: 5/5
   189 | D        | Killed a brain worm
   189 | D        | Reached *** piety under Trog
   189 | D        | Reached skill level 16 in Axes
   191 | D        | Killed a brain worm
   194 | D        | Killed a brain worm
   194 | D        | Reached XP level 7. HP: 26/57 MP: 6/6
   290 | D        | Found Ezewkuan's Antique Armour Shoppe.
   290 | D        | Found Ewnekeff's Antique Weapon Shoppe.
   290 | D        | Found Kyedyopi's Jewellery Shoppe.
   290 | D        | Found Pibuesk's Food Emporium.
   290 | D        | Found Saesiab's Distillery.
   290 | D        | Found Ilout's Distillery.
   291 | D        | Found Cunk's Gadget Emporium.
   291 | D        | Found Tyruw's Distillery.
   291 | D        | Found Ucuhywe's Jewellery Emporium.
   291 | D        | Found Dynoloqo's Gadget Shoppe.
   291 | D        | Found Mawaics's Magic Scroll Emporium.
   292 | D        | Found Yserhar's Assorted Antiques.
   292 | D        | Found Nyptaxul's Antique Armour Emporium.
   292 | D        | Noticed a shining eye
   293 | D        | Found Edueb's General Store.
   293 | D        | Found Jelyps's Book Emporium.
   293 | D        | Noticed a shining eye
   294 | D        | Noticed a crocodile
   294 | D        | Noticed a shining eye
   294 | D        | Noticed an oklob plant
   295 | D        | Found Cuv Saoj's Book Shoppe.
   297 | D        | Noticed a polar bear
   298 | D        | Noticed a polar bear
   308 | D        | Bought a scroll labeled NUMNYE ZODE for 28 gold pieces
   308 | D        | Bought a scroll labeled GYHECH YGAOCAAXKU for 28 gold pieces
   308 | D        | Bought a scroll labeled OSHROI YGIT for 28 gold pieces
   308 | D        | Bought a scroll labeled LOWIMNAISE for 28 gold pieces
   342 | D        | Killed a crocodile
   342 | D        | Reached skill level 17 in Axes
   428 | D        | Noticed a lava snake
   428 | D        | Noticed a lava snake
   428 | D        | Noticed a lava snake
   435 | D        | Noticed a crocodile
   436 | D        | Found a corrupted altar of Lugonu.
   436 | D        | Found a blossoming altar of Fedhas.
   451 | D        | Noticed an orange crystal statue
   461 | D        | Killed a crocodile
   461 | D        | Reached **** piety under Trog
   461 | D        | Reached skill level 5 in Fighting
   481 | D        | Bought a faintly humming plate armour for 700 gold pieces
   491 | D        | Identified the cursed +0 plate armour "Woidem Fefa" {rN++ MR+ MP+9 Slay-5} (You bought it in a shop in the Dungeon)
   635 | D        | Killed a boulder beetle
   635 | D        | Reached skill level 9 in Fighting
   642 | D        | Demolished by a boulder beetle

Table legend:
 A = Turns spent in this place as a percentage of turns spent in the entire game.
 B = Non-inter-level travel turns spent in this place as a percentage of non-inter-level travel turns spent in the entire game.
 C = Inter-level travel turns spent in this place as a percentage of turns spent in this place.
 D = Turns resting spent in this place as a percentage of non-inter-level travel turns spent in this place.
 E = Turns spent auto-exploring this place as a percentage of non-inter-level travel turns spent in this place.
 F = Non-inter-level travel turns spent in this place divided by the number of levels of this place that you've seen.
                   A       B       C       D       E      F
               +-------+-------+-------+-------+-------+----------------------
         Total | 100.0 | 100.0 |   0.0 |  10.8 |   0.0 | 305.0
       Dungeon | 100.0 | 100.0 |   0.0 |  10.8 |   0.0 | 305.0
               +-------+-------+-------+-------+-------+----------------------

Table legend:
 A = Kills in this place as a percentage of kills in entire the game.
 B = Kills by you in this place as a percentage of kills by you in the entire game.
 C = Kills by friends in this place as a percentage of kills by friends in the entire game.
 D = Other kills in this place as a percentage of other kills in the entire game.
 E = Experience gained in this place as a percentage of experience gained in the entire game.
 F = Experience gained in this place divided by the number of levels of this place that you have seen.
                   A       B       C       D       E      F
               +-------+-------+-------+-------+-------+----------------------
         Total | 100.0 | 100.0 |  -nan |  -nan | 100.0 | 1240.0
       Dungeon | 100.0 | 100.0 |  -nan |  -nan | 100.0 | 1240.0
               +-------+-------+-------+-------+-------+----------------------

Vanquished Creatures
  A boulder beetle (D)
  2 hippogriffs (D)
  2 crocodiles (D)
  4 brain worms (D)
  2 worms (D)
11 creatures vanquished.

Vanquished Creatures (others)
  Menkaure (D)
  A worm (D)
2 creatures vanquished.

Grand Total: 13 creatures vanquished
